 Dungeon Crawl Stone Soup version 0.28.0-53-g5a82cb258f (webtiles) character file.

Game seed: 2593648914972096709

290 adizb the Poker (level 6, 0/48 HPs)
             Began as a Merfolk Gladiator on July 16, 2022.
             Slain by a scorpion (4 damage)
             ... on level 4 of the Dungeon.
             The game lasted 00:13:13 (2697 turns).

adizb the Poker (Merfolk Gladiator)                 Turns: 2697, Time: 00:13:14

Health: 0/48       AC:  4    Str: 13 (14) XL:     6   Next: 32%
Magic:  6/6        EV: 14    Int:  7      God:
Gold:   87         SH:  0    Dex: 16 (18) Spells: 5/5 levels left

rFire   . . .      SeeInvis .   a - +0 trident
rCold   . . .      Faith    .   (no shield)
rNeg    . . .      Spirit   .   m - +0 leather armour
rPois   .          Reflect  .   c - +0 helmet
rElec   .          Harm     .   (no cloak)
rCorr   .          Rampage  .   (no gloves)
Will    .....                   (no boots)
Stlth   +.........              (no amulet)
HPRegen 0.16/turn               (no ring)
MPRegen 0.10/turn               (no ring)

@: lethally poisoned (0 -> -13)
A: (nimble swimmer 2), mertail
a: no special abilities


You were on level 4 of the Dungeon.
You visited 1 branch of the dungeon, and saw 4 of its levels.
You also visited: Sewer.

You collected 87 gold pieces.

Inventory:

Hand Weapons
 a - a +0 trident (weapon)
Missiles
 n - 4 poisoned darts (quivered)
Armour
 b - a +0 leather armour
 c - a +0 helmet (worn)
 m - a +0 leather armour (worn)
Wands
 s - a wand of paralysis (8)
Scrolls
 e - 2 scrolls of fear
 f - 2 scrolls of identify {unknown}
 h - 3 scrolls of teleportation
 i - a scroll of fog {unknown}
 j - a scroll of vulnerability {unknown}
 q - a scroll of enchant weapon {unknown}
 r - 2 scrolls of summoning {unknown}
Potions
 g - a potion of lignification {unknown}
 k - a potion of curing
 l - a potion of invisibility {unknown}
 o - a potion of attraction {unknown}
 p - 2 potions of heal wounds {unknown}


   Skills:
 + Level 4.0 Fighting
 * Level 7.7 Polearms
 - Level 2.0 Throwing
 + Level 5.6 Dodging


You had 5 spell levels left.
You didn't know any spells.
Your spell library contained the following spells:

 Spells                   Type           Power      Damage    Failure   Level
 Animate Dead             Necr           0%         N/A       99%         4
 Haunt                    Necr/Summ      0%         N/A       100%        7
 Infestation              Necr           0%         N/A       100%        8


Dungeon Overview and Level Annotations

Branches:
Dungeon (4/15)              Sewer (visited)
 Temple: D:4-7

Altars:
Makhleb


Innate Abilities, Weirdness & Mutations

((You are very nimble when in or above water. (Stealth+, EV+, Speed+++)))
Your lower body shifts to a powerful aquatic tail in water.


Message History

You are more poisoned.
The scorpion poisons you!
You hit the scorpion but do no damage.
The scorpion is heavily wounded.
You feel very sick. The scorpion barely misses you.
You barely miss the scorpion.
The scorpion is heavily wounded.
You feel very sick. The scorpion closely misses you.
You closely miss the scorpion.
The scorpion is heavily wounded.
You feel very sick. The scorpion stings you.
You are lethally poisoned!
The scorpion poisons you!
You hit the scorpion. You punch the scorpion.
The scorpion is severely wounded.
* * * LOW HITPOINT WARNING * * *
You feel very sick. The scorpion stings you.
* * * LOW HITPOINT WARNING * * *
The scorpion closely misses you.
Throw: 2 throwing nets
Press: ? - help, Q - select action, (/) - cycle Shift-Dir - straight line, f - scorpion
Aim: a scorpion (severely wounded, 63% to hit)
You throw a throwing net.
The throwing net barely misses the scorpion.
* * * LOW HITPOINT WARNING * * *
You feel very sick. The scorpion closely misses you.
Throw: throwing net
Press: ? - help, Q - select action, (/) - cycle Shift-Dir - straight line, f/p - scorpion
Aim: a scorpion (severely wounded, 63% to hit)
You throw a throwing net.
The throwing net closely misses the scorpion.
* * * LOW HITPOINT WARNING * * *
You feel very sick. The scorpion stings you.
You die...

.... (...#########
.....?.(....#
............#
#..........###
#.............
#.[...s.....#
#.....@....?#
#...........#
#..........##
#..........#
##.....#####
#####.# ####.
##..<..##......
...........)......
#.....#....†......


You could see a scorpion.

Vanquished Creatures
  Pargi (Sewer)
  Jessica (D:3)
  7 adders
  2 river rats (D:3)
  6 worms
  3 dart slugs
  5 bats
  4 endoplasms
  7 giant cockroaches
  4 goblins
  3 hobgoblins (D:1)
  4 jackals (D:2)
  2 quokkas (D:2)
  5 ball pythons
  3 frilled lizards
  7 kobolds
  11 rats
75 creatures vanquished.

Vanquished Creatures (others)
  A fungus (D:3)
  14 plants
15 creatures vanquished.

Grand Total: 90 creatures vanquished

Notes
Turn   | Place    | Note
-------+----------+-------------------------------------------
     0 | D:1      | adizb the Merfolk Gladiator began the quest for the Orb.
     0 | D:1      | Reached XP level 1. HP: 16/16 MP: 1/1
   402 | D:1      | Reached XP level 2. HP: 23/23 MP: 2/2
   537 | D:1      | Reached skill level 5 in Polearms
   944 | D:2      | Reached XP level 3. HP: 17/28 MP: 3/3
  1588 | D:3      | Noticed Jessica
  1596 | D:3      | Killed Jessica
  1597 | D:3      | Reached skill level 6 in Polearms
  1597 | D:3      | Reached XP level 4. HP: 17/35 MP: 4/4
  1674 | D:3      | Found a faded altar of an unknown god.
  1796 | D:3      | Found a burning altar of Makhleb.
  1846 | D:3      | Reached skill level 5 in Dodging
  1846 | D:3      | Reached XP level 5. HP: 40/41 MP: 5/5
  1937 | D:3      | HP: 2/41 [poisoned by an adder]
  1963 | D:3      | Reached skill level 7 in Polearms
  1965 | D:3      | Found a glowing drain.
  1972 | Sewer    | Entered a sewer
  1996 | Sewer    | Noticed Pargi
  2198 | Sewer    | Killed Pargi
  2199 | Sewer    | Reached XP level 6. HP: 18/48 MP: 6/6
  2697 | D:4      | Slain by a scorpion

Illustrated notes

Levels and vault maps discovered:
D:1:      lightli_arrival_isolated_outpost, layout_basic
D:2:      layout_rooms, hangedman_decor_peaks_small, serial_bayou_lake_a
D:3:      layout_rooms, mainiacjoe_overflow_catwalk, lightli_sewer_entry_pipes,
          shapermc_ecumenical_altar_mp_urbaneastern,
          nicolae_elevator_lobby_asterisk, uniq_jessica
D:4:      layout_basic

Skill      XL: |  1  2  3  4  5  6 |
---------------+-------------------+-----
Polearms       | 5 6 7 |  7.7
Fighting       | 3 4 |  4.0
Dodging        | 5 |  5.6
Throwing       | |  2.0

Action                   |  1- 3 |  4- 6 || total
-------------------------+-------+-------++-------
Melee: Trident           |   111 |   175 ||   286
       Punch             |       |     6 ||     6
       Tailslap          |       |     1 ||     1
Throw: Throwing net      |       |     3 ||     3
  Use: Scroll            |       |     2 ||     2
       Potion            |       |     2 ||     2
 Stab: Sleeping          |     2 |     3 ||     5
Armor: Leather armour    |    15 |    39 ||    54
Dodge: Dodged            |    51 |   116 ||   167
